 Dungeon Crawl Stone Soup version 0.24-a0-516-g9de272bb65 (webtiles) character file.

Game seed: 4563985336710040783

292 Greboboi the Shield-Bearer (level 6, 0/53 HPs)
             Began as a Minotaur Fighter on July 22, 2019.
             Slain by a wyvern (10 damage)
             ... on level 7 of the Dungeon.
             The game lasted 00:05:11 (2780 turns).

Greboboi the Shield-Bearer (Minotaur Fighter)       Turns: 2780, Time: 00:05:12

Health: 0/53       AC:  4    Str: 20    XL:     6   Next: 10%
Magic:  5/5        EV:  9    Int:  5    God:
Gold:   88         SH: 10    Dex: 12    Spells: 5/5 levels left

rFire    . . .     SeeInvis .   a - +0 war axe
rCold    . . .     Gourm    .   c - +0 shield
rNeg     . . .     Faith    .   b - +0 scale mail
rPois    .         Spirit   .   (helmet restricted)
rElec    .         Reflect  .   (no cloak)
rCorr    .         Harm     .   p - +0 pair of gloves
MR       .....                  (no boots)
Stlth    ..........             (no amulet)
HPRegen  0.17/turn              (no ring)
MPRegen  0.09/turn              (no ring)

@: lethally poisoned (0 -> -1), corroded
A: retaliatory headbutt, horns 2
a: no special abilities


You were on level 7 of the Dungeon.
You were not hungry.

You visited 1 branch of the dungeon, and saw 5 of its levels.

You collected 88 gold pieces.

Inventory:

Hand Weapons
 a - a +0 war axe (weapon)
 t - a +2 spear of venom
Armour
 b - a +0 scale mail (worn)
 c - a +0 shield (worn)
 p - a +0 pair of gloves (worn)
Scrolls
 g - 2 scrolls of amnesia {unknown}
 h - a scroll of fog {unknown}
 i - 4 scrolls of identify {unknown}
 k - 2 scrolls of magic mapping {unknown}
 l - a scroll of enchant armour {unknown}
 r - a scroll of fear {unknown}
 u - a scroll of remove curse {unknown}
Potions
 d - a potion of might
 e - a potion of berserk rage {unknown}
 j - 4 potions of curing {unknown}
 n - a potion of mutation {unknown}
 o - 3 potions of haste {unknown}
 q - 2 potions of degeneration {unknown}
 s - a potion of agility {unknown}
Comestibles
 f - 10 rations
 m - 5 chunks of flesh


   Skills:
 + Level 4.6 Fighting
 + Level 4.4 Axes
 + Level 4.6 Armour
 * Level 2.3 Dodging
 + Level 5.3 Shields


You had 5 spell levels left.
You didn't know any spells.
Your spell library was empty.

Dungeon Overview and Level Annotations

Branches:
Dungeon (4/15)
 Temple: D:4-7

Altars:
Ashenzari


Innate Abilities, Weirdness & Mutations

You reflexively headbutt those who attack you in melee.
You have a pair of horns on your head.


Message History

You slash the wyvern!
The wyvern is almost dead.
You hit the jelly.
Your hands burn!
* * * LOW HITPOINT WARNING * * *
You closely miss the worker ant. The wyvern completely misses you.
You furiously retaliate!
You headbutt the wyvern, but do no damage.
The worker ant barely misses you. You furiously retaliate!
You headbutt the worker ant. The jelly hits you but does no damage.
You block the worker ant's attack. You block the wyvern's attack.
You barely miss the wyvern.
The wyvern is almost dead.
You barely miss the worker ant. You hit the jelly. The acid corrodes you!
Your hands burn!
* * * LOW HITPOINT WARNING * * *
You feel sick. The wyvern barely misses you.
The jelly hits you but does no damage.
The worker ant bites you but does no damage.
The wyvern bites you!
You die...

..... #..# #
.O.h #..#
#.##.8a
#..########
......8
#.........
#..8.
##..#######
#...##..##
#†....#
##.ah.#
#..l@.#
#...J..#
.............
...#....######
...##....# ...
###... .. #...
#...


You could see a black bear, a wyvern, a jelly and a worker ant.

Vanquished Creatures
  3 worker ants
  Natasha (twice) (D:2)
  A howler monkey skeleton (D:4)
  5 adders
  An ooze (D:3)
  An adder skeleton (D:4)
  4 worms
  4 dart slugs
  A leopard gecko (D:3)
  2 ball pythons
  8 bats
  6 giant cockroaches
  11 goblins
  14 hobgoblins
  13 jackals
  4 kobolds
  A quokka (D:2)
  5 frilled lizards
  7 rats
93 creatures vanquished.

Notes
Turn   | Place    | Note
-------+----------+-------------------------------------------
     0 | D:1      | Greboboi the Minotaur Fighter began the quest for the Orb.
     0 | D:1      | Reached XP level 1. HP: 19/19 MP: 0/0
   123 | D:1      | Reached XP level 2. HP: 27/27 MP: 1/1
   287 | D:1      | Reached skill level 1 in Dodging
   443 | D:1      | Reached skill level 4 in Shields
   910 | D:2      | Reached XP level 3. HP: 33/33 MP: 2/2
  1285 | D:2      | Noticed Natasha
  1290 | D:2      | Killed Natasha
  1290 | D:2      | Reached XP level 4. HP: 40/40 MP: 3/3
  1472 | D:2      | Noticed Natasha
  1475 | D:2      | Killed Natasha
  1724 | D:3      | Reached XP level 5. HP: 42/47 MP: 4/4
  1745 | D:3      | Reached skill level 5 in Shields
  2692 | D:4      | Reached XP level 6. HP: 53/53 MP: 5/5
  2747 | D:4      | Found a shattered altar of Ashenzari.
  2762 | D:4      | You fall into a shaft and drop 3 floors!
  2770 | D:7      | Noticed a wyvern
  2780 | D:7      | Slain by a wyvern

Levels and vault maps discovered:
D:1:      psy_arrival_radial02, layout_basic
D:2:      layout_basic, uniq_natasha
D:3:      layout_loops_corners, first_ration
D:4:      layout_gridville, nicolae_dithmenos_through_a_glass_darkly,
          lemuel_doored_altar, evilmike_ruin_ashenzari,
          minmay_temple_entry_junction_2
D:7:      layout_basic, grunt_temple_overflow_open, basic_altar,
          minmay_ruined_shrine

Skill      XL: |  1  2  3  4  5 |
---------------+----------------+-----
Dodging        | 1 2 |  2.3
Fighting       | 4 |  4.6
Armour         | 4 |  4.6
Shields        | 4 5 |  5.3
Axes           | 3 4 |  4.4

Action                   |  1- 3 |  4- 6 || total
-------------------------+-------+-------++-------
Melee: War axe           |    98 |   133 ||   231
       Headbutt          |    13 |    28 ||    41
  Eat: Chunk             |     1 |     5 ||     6
Armor: Scale mail        |    38 |    61 ||    99
Dodge: Dodged            |    28 |    40 ||    68
Block: Shield            |    51 |    83 ||   134

Table legend:
 A = Non-vault XP
 B = Vault XP
 C = Vault XP percentage of total XP
 D = Non-vault monster count
 E = Vault monster count
 F = Vault count percentage of total count
                 A         B        C        D         E       F
            +---------+---------+-------+---------+---------+-------
      Total |     353 |      65 |  15.6 |      91 |       2 |   2.2
            +---------+---------+-------+---------+---------+-------
        D:1 |      40 |       0 |   0.0 |      20 |       0 |   0.0
        D:2 |     119 |      33 |  21.7 |      27 |       1 |   3.6
        D:3 |     134 |       0 |   0.0 |      36 |       0 |   0.0
        D:4 |      60 |       0 |   0.0 |       8 |       0 |   0.0
        D:7 |       0 |      32 | 100.0 |       0 |       1 | 100.0
            +---------+---------+-------+---------+---------+-------
